 Dungeon Crawl Stone Soup version 0.28.0 (webtiles) character file.

Game seed: 4343492543350116797

3224 Sanktem7 the Carver (level 9, 0/82 HPs)
             Began as a Minotaur Berserker on Feb 14, 2022.
             Was an Elder of Trog.
             Slain by a warg (11 damage)
             ... on level 8 of the Dungeon.
             The game lasted 00:17:08 (8246 turns).

Sanktem7 the Carver (Minotaur Berserker)            Turns: 8246, Time: 00:17:09

Health: 0/82       AC: 12    Str: 25    XL:     9   Next: 66%
Magic:  7/7        EV: 14    Int:  4    God:    Trog [****..]
Gold:   439        SH:  0    Dex: 11    Spells: 8/8 levels left

rFire   + + +      SeeInvis .   o - +5 triple sword (vorpal)
rCold   x x .      Faith    .   (shield currently unavailable)
rNeg    . . .      Spirit   .   j - +0 fire dragon scales
rPois   .          Reflect  .   (helmet restricted)
rElec   .          Harm     .   l - +0 cloak
rCorr   .          Rampage  .   (no gloves)
Will    .....                   (no boots)
Stlth   ..........              (no amulet)
HPRegen 0.23/turn               b - ring of fire
MPRegen 0.10/turn               n - +4 ring of evasion

@: unable to read
A: horns 2, retaliatory headbutt, low MP 1, sense surroundings 1, inability to
read while threatened
a: Renounce Religion, Berserk, Trog's Hand, Brothers in Arms


You were on level 8 of the Dungeon.
You worshipped Trog.
Trog was greatly pleased with you.
You visited 1 branch of the dungeon, and saw 8 of its levels.

You collected 439 gold pieces.

Inventory:

Hand Weapons
 a - a +1 falchion
 o - a +5 vorpal triple sword (weapon)
Armour
 j - +0 fire dragon scales (worn)
 l - a +0 cloak (worn)
 v - an orb of wrath
Jewellery
 b - a ring of fire (left hand)
 f - a ring of ice
 n - a +4 ring of evasion (right hand)
 q - a ring of willpower
 x - an amulet of reflection
Wands
 m - a wand of acid (13)
 s - a wand of mindburst (6)
Scrolls
 g - a scroll of fog
 i - 6 scrolls of teleportation
 k - 2 scrolls of noise
 p - 2 scrolls of immolation {unknown}
 r - a scroll of fear {unknown}
 u - a scroll of brand weapon {unknown}
 y - a scroll of identify
Potions
 c - 2 potions of curing
 d - a potion of haste
 e - 4 potions of degeneration
 h - 4 potions of heal wounds
 t - a potion of magic {unknown}
 w - a potion of might {unknown}


   Skills:
 * Level 8.5 Fighting
 * Level 12.1 Long Blades
 * Level 8.7 Armour
 + Level 2.5 Dodging


You had 8 spell levels left.
You didn't know any spells.
Your spell library was empty.

Dungeon Overview and Level Annotations

Branches:
Dungeon (8/15)             Temple (0/1) D:6            Lair (0/6) D:8

Altars:
Elyvilon
Makhleb
Uskayaw
Zin


Innate Abilities, Weirdness & Mutations

You have a pair of horns on your head.
You reflexively headbutt those who attack you in melee.
Your magical capacity is low. (-10% MP)
You passively map a small area around you.
You sometimes lose the ability to read scrolls when taking damage.


Message History

You closely miss the warg. The warg closely misses you.
The warg barely misses you. You furiously retaliate!
You headbutt the warg, but do no damage.
You slash the warg!
The warg is heavily wounded.
The warg bites you but does no damage.
The orc priest looks encouraged for a moment.
You slice the warg!!
You kill the warg!
Trog accepts your kill. The warg closely misses you.
You barely miss the warg. The warg bites you but does no damage.
You closely miss the warg.
You can read scrolls again.
The warg closely misses you. You furiously retaliate!
You headbutt the warg, but do no damage.
The warg bites you!
You feel threatened and lose the ability to read scrolls!
You slash the warg! Your headbutt misses the warg.
The warg is moderately wounded.
The warg closely misses you. You furiously retaliate!
You headbutt the warg, but do no damage.
You slash the warg! Your headbutt misses the warg.
The warg is severely wounded.
The warg closely misses you. You furiously retaliate!
You headbutt the warg.
A bullfrog comes into view.
The warg bites you!
The orc priest invokes the aid of Beogh against you.
Beogh smites you!
* * * LOW HITPOINT WARNING * * *
The bullfrog gives a loud, deep croak!
You barely miss the warg.
The warg is severely wounded.
The warg closely misses you.
You closely miss the warg. Your headbutt misses the warg.
The warg is severely wounded.
The warg bites you.
* * * LOW HITPOINT WARNING * * *
The warg bites you!
You die...

*###.## ##.#...#.#####.#
##.###..............#
#.#####....#.#...#.#######
#.......#.......##.#
############.##.##.#
#.......# ####.#### #.#
#@# * * #h# , ,
###o####### * * *
###.oo......# *,
#....F......# *,
#.#.........# * ..
#..)......### ##
#...........! ,
#.###...#####


You could see a warg, a bullfrog, an orc priest and 2 orcs.

Vanquished Creatures
  A wyvern (D:7)
  2 wargs (D:8)
  A water moccasin (D:7)
  4 necrophages
  3 ice beasts
  A black bear (D:4)
  A hornet zombie (D:7)
  2 centaurs
  An ogre (D:4)
  A phantom (D:4)
  2 kobold brigands
  7 bullfrogs
  A gnoll sergeant (D:6)
  3 scorpions
  A howler monkey (D:5)
  An electric eel (D:7)
  2 centaur zombies
  2 bullfrog zombies
  An orc priest (D:8)
  A hound (D:6)
  2 gnoll shamans
  3 orc wizards
  An iguana (D:5)
  A scorpion zombie (D:5)
  2 killer bee zombies (D:6)
  Robin (D:3)
  14 gnolls
  5 adders
  2 shadow imps
  3 worms
  3 dart slugs
  9 orcs
  13 ball pythons
  8 endoplasms
  4 giant cockroaches
  9 goblins
  9 hobgoblins
  3 jackals
  17 kobolds
  5 quokkas
  5 bats
  7 frilled lizards
  2 rats (D:2)
166 creatures vanquished.

Vanquished Creatures (others)
  A plant (D:1)
1 creature vanquished.

Grand Total: 167 creatures vanquished

Notes
Turn   | Place    | Note
-------+----------+-------------------------------------------
     0 | D:1      | Sanktem7 the Minotaur Berserker began the quest for the
                  | Orb.
     0 | D:1      | Reached XP level 1. HP: 19/19 MP: 0/0
   323 | D:1      | Reached skill level 4 in Long Blades
   323 | D:1      | Reached XP level 2. HP: 11/27 MP: 1/1
  1061 | D:1      | You fall into a shaft and drop 1 floor!
  1067 | D:2      | Reached XP level 3. HP: 33/33 MP: 2/2
  1093 | D:2      | Reached ** piety under Trog
  1393 | D:2      | Found a faded altar of an unknown god.
  2257 | D:2      | Reached skill level 5 in Long Blades
  2349 | D:2      | Reached XP level 4. HP: 37/41 MP: 3/3
  2761 | D:3      | Noticed Robin
  2767 | D:3      | Killed Robin
  3556 | D:3      | Reached *** piety under Trog
  3805 | D:3      | Found a hide-covered altar of Uskayaw.
  3808 | D:3      | Found a white marble altar of Elyvilon.
  4059 | D:4      | Reached XP level 5. HP: 40/47 MP: 4/4
  4301 | D:4      | Noticed a black bear
  4313 | D:4      | Killed a black bear
  4314 | D:4      | Reached skill level 5 in Fighting
  4314 | D:4      | Reached skill level 6 in Long Blades
  4449 | D:4      | Noticed a necrophage
  4461 | D:4      | Killed a necrophage
  4462 | D:4      | Reached skill level 7 in Long Blades
  4462 | D:4      | Reached XP level 6. HP: 50/56 MP: 5/5
  4920 | D:4      | Reached XP level 7. HP: 62/62 MP: 6/6
  5153 | D:5      | Entered Level 5 of the Dungeon
  5265 | D:5      | Reached skill level 8 in Long Blades
  5288 | D:5      | Reached skill level 5 in Armour
  5636 | D:5      | Noticed a cacodemon
  5637 | D:5      | Found a burning altar of Makhleb.
  5640 | D:5      | Found a glowing silver altar of Zin.
  5640 | D:5      | Noticed an angel
  5747 | D:6      | Reached skill level 9 in Long Blades
  5747 | D:6      | Reached XP level 8. HP: 71/71 MP: 7/7
  5755 | D:6      | Found a staircase to the Ecumenical Temple.
  6238 | D:6      | Reached **** piety under Trog
  6251 | D:6      | Reached skill level 10 in Long Blades
  7124 | D:7      | Reached XP level 9. HP: 74/80 MP: 8/8
  7196 | D:7      | Reached skill level 11 in Long Blades
  7415 | D:7      | Identified a scroll of acquirement
  7415 | D:7      | Acquired a +5 vorpal triple sword
  7419 | D:7      | Gained mutation: You passively map a small area around you.
                  | [potion of mutation]
  7419 | D:7      | Gained mutation: You sometimes lose the ability to read
                  | scrolls when taking damage. [potion of mutation]
  7419 | D:7      | Gained mutation: Your magical capacity is low. (-10% MP)
                  | [potion of mutation]
  8223 | D:8      | Found a staircase to the Lair.
  8236 | D:8      | Reached skill level 12 in Long Blades
  8246 | D:8      | Slain by a warg

Illustrated notes

Levels and vault maps discovered:
D:1:      minmay_arrival_plants_in_alcoves, layout_loops_cross
D:2:      layout_basic, hellmonk_ecumenical_altar_prayer_group
D:3:      layout_loops_cross, nicolae_overflow_squiral, nrook_mini_vaults,
          roderic_roman_lattice, wad_rectangle_vault, uniq_robin
D:4:      layout_gridville, minmay_statues_item, serial_bayou_pond_b,
          corner_web_ring
D:5:      layout_rooms, grunt_temple_overflow_order_and_chaos_2,
          kennysheep_small_circle
D:6:      minmay_recursive_quarters, layout_gridville,
          minmay_temple_entry_glass, minmay_stone_trees_large
D:7:      layout_rooms, nicolae_lava_and_water, serial_park_tiny_2
D:8:      layout_loops_corners, lemuel_blue_sif_altar, erik_lair_orcish_takeover

Skill      XL: |  1  2  3  4  5  6  7  8  9 |
---------------+----------------------------+-----
Long Blades    | 4 5 7 9 10 12 | 12.1
Fighting       | 4 5 6 7 8 |  8.5
Armour         | 3 4 5 7 8 |  8.7
Dodging        | |  2.5

Action                   |  1- 3 |  4- 6 |  7- 9 || total
-------------------------+-------+-------+-------++-------
Melee: Falchion          |    92 |   111 |   224 ||   427
       Headbutt          |    17 |    14 |    49 ||    80
       Punch             |       |     1 |     8 ||     9
       Triple sword      |       |       |    36 ||    36
Invok: Berserk           |       |       |     1 ||     1
  Use: Scroll            |       |       |    10 ||    10
       Potion            |       |       |     5 ||     5
 Stab: Sleeping          |     1 |       |       ||     1
Armor: Animal skin       |    12 |     6 |       ||    18
       Fire dragon scale |       |    31 |   112 ||   143
       Skin              |       |       |    18 ||    18
Dodge: Dodged            |    50 |    65 |   202 ||   317
